 Dungeon Crawl Stone Soup version 0.28-a0-1524-ge72afd5fc6 (webtiles) character file.

Game seed: 13966963912583876460

30 knot the Chopper (level 3, 26/29 HPs)
             Began as a Demonspawn Berserker on Jan 18, 2022.
             Was a Believer of Trog.
             Quit the game on level 2 of the Dungeon.
             The game lasted 00:00:56 (1419 turns).

knot the Chopper (Demonspawn Berserker)             Turns: 1419, Time: 00:00:57

Health: 26/29      AC:  8    Str: 17    XL:     3   Next: 3%
Magic:  3/3        EV: 10    Int: 10    God:    Trog [**....]
Gold:   26         SH:  0    Dex: 12    Spells: 2/2 levels left

rFire   . . .      SeeInvis .   a - +0 hand axe
rCold   . . .      Faith    +   (no shield)
rNeg    . . .      Spirit   .   d - +0 scale mail
rPois   .          Reflect  .   (no helmet)
rElec   .          Harm     .   (no cloak)
rCorr   .          Rampage  .   (no gloves)
Will    .....                   (no boots)
Stlth   ..........              c - amulet of faith
HPRegen 0.09/turn               (no ring)
MPRegen 0.08/turn               (no ring)

@: no status effects
A: icy blue scales 1, demonic touch 1
a: Renounce Religion, Berserk, Trog's Hand


You were on level 2 of the Dungeon.
You worshipped Trog.
Trog was pleased with you.
You visited 1 branch of the dungeon, and saw 2 of its levels.

You collected 26 gold pieces.

Inventory:

Hand Weapons
 a - a +0 hand axe (weapon)
Armour
 d - a +0 scale mail (worn)
Jewellery
 c - an amulet of faith (around neck)
Scrolls
 b - a scroll of torment {unknown}
 f - a scroll of teleportation {unknown}
 g - a scroll of magic mapping {unknown}
Potions
 e - a potion of haste {unknown}


   Skills:
 - Level 3.0 Fighting
 + Level 3.8 Axes
 - Level 1.7 Armour
 - Level 1.7 Dodging


You had 2 spell levels left.
You didn't know any spells.
Your spell library was empty.

Dungeon Overview and Level Annotations

Branches:
Dungeon (2/15)

Altars:

Shops:
D:1 (


Innate Abilities, Weirdness & Mutations

You are partially covered in icy blue scales. (AC +2)
Your touch may inflict minor irresistible damage on your foes.


Message History

No target in view!
Done exploring.
No target in view!
Done exploring.
No target in view!
Done exploring.
(D) Dungeon
Where to? (? - help)
You see here 26 arrows.
There is a stone staircase leading down here.
You climb downwards.
The goblin shouts!
Found 3 poisoned darts and a hand axe.
There is a stone staircase leading up here.
There are monsters nearby!
You see here 3 poisoned darts.
You miss the goblin. The goblin hits you but does no damage.
You barely miss the dart slug. You miss the goblin.
The goblin barely misses you.
The dart slug briefly extends its eye-stalks.
The dart slug bites you but does no damage.
You hit the dart slug.
The dart slug is moderately wounded.
You closely miss the goblin. The goblin closely misses you.
You hit the dart slug but do no damage.
You touch the dart slug.
The dart slug is severely wounded.
You closely miss the goblin.
The dart slug bites you but does no damage.
The goblin hits you but does no damage.
You hit the dart slug.
You kill the dart slug!
Trog accepts your kill.
You can now call upon Trog for regeneration and willpower.
You miss the goblin. The goblin hits you with a +0 club.
You have reached level 3!
Your experience leads to an increase in your attributes!
Increase (S)trength, (I)ntelligence, or (D)exterity?
You feel clever. x2; Your demonic ancestry asserts itself...
Icy blue scales grow over part of your body.
Are you sure you want to abandon this character and quit the game? (Confirm with "yes".)

♣ #. ♣#♣.♣#♣#♣
.......♣
♣.♣.♣.♣.#♣♣♣♣♣♣♣
........<.......
#..♣)♣..(........
#.....†@.........
#......g.........
#................
#................
#.##.##..........
. #. #..........
# #.........
#######..


You could see a goblin.

Vanquished Creatures
  3 dart slugs
  A bat (D:1)
  2 endoplasms (D:1)
  A goblin (D:1)
  5 hobgoblins (D:1)
  A quokka (D:1)
  2 ball pythons (D:1)
  A frilled lizard (D:1)
  3 kobolds (D:1)
  2 rats (D:1)
21 creatures vanquished.

Notes
Turn   | Place    | Note
-------+----------+-------------------------------------------
     0 | D:1      | knot the Demonspawn Berserker began the quest for the Orb.
     0 | D:1      | Reached XP level 1. HP: 18/18 MP: 1/1
   398 | D:1      | Found Kaups's Weapon Emporium.
   418 | D:1      | Gained mutation: Your touch may inflict minor irresistible
                  | damage on your foes. [demonic ancestry]
   418 | D:1      | Reached XP level 2. HP: 15/24 MP: 2/2
  1418 | D:2      | Reached ** piety under Trog
  1419 | D:2      | Gained mutation: You are partially covered in icy blue
                  | scales. (AC +2) [demonic ancestry]
  1419 | D:2      | Reached XP level 3. HP: 26/29 MP: 3/3
  1419 | D:2      | Quit the game

Illustrated notes

Levels and vault maps discovered:
D:1:      dpeg_arrival_renting, layout_basic, serial_shops, shop,
          lemuel_old_faithful
D:2:      layout_basic, serial_forest, infiniplex_forest_clump_small,
          infiniplex_forest_straight_3, infiniplex_forest_straight_3,
          infiniplex_forest_pool, infiniplex_forest_lined_4_way,
          infiniplex_forest_pool, infiniplex_forest_join,
          infiniplex_forest_clump_medium, hellmonk_ecumenical_altar_crossroads,
          minmay_crystal_water, grunt_decor_cap, hex_tiny,
          minmay_gold_behind_fungi, item_on_display_a, uniq_terence

Skill      XL: |  1 |
---------------+----+-----
Axes           | 3 |  3.8
Fighting       | |  3.0
Armour         | |  1.7
Dodging        | |  1.7

Action                   || total
-------------------------++-------
Melee: Hand axe          ||    78
       Punch             ||     2
       Touch             ||     6
Invok: Berserk           ||     2
Armor: Animal skin       ||     1
       Scale mail        ||    25
Dodge: Dodged            ||    45

Table legend: (Time is in decaauts)
 A = Elapsed time spent in this place.
 B = Non-inter-level travel time spent in this place.
 C = Inter-level travel time spent in this place.
 D = Time resting spent in this place.
 E = Time spent auto-exploring this place.
 F = Levels seen in this place.
 G = Mean time per level.
                   A        B        C        D        E       F      G
               +--------+--------+--------+--------+--------+-----+--------+
         Total |   1451 |   1436 |     15 |    526 |    732 |   2 |  725.5 |
       Dungeon |   1451 |   1436 |     15 |    526 |    732 |   2 |  725.5 |
               +--------+--------+--------+--------+--------+-----+--------+

Top non-repeatable levels by time:
     D:1: 1443 daAuts
     D:2: 8 daAuts
